 Dungeon Crawl Stone Soup version 0.32-a0-136-gc02482bde3 (webtiles) character file.

Game seed: 2815188835196605859

18750 Ceno the Cleaver (level 12, -2/113 HPs)
             Began as a Hill Orc Monk on Feb 11, 2024.
             Was a Priest of Beogh.
             Slain by a skyshark (16 damage)
             ... on level 3 of the Lair of Beasts.
             The game lasted 00:37:45 (12783 turns).

Ceno the Cleaver (Hill Orc Monk)                   Turns: 12783, Time: 00:37:46

Health: -2/113     AC: 21    Str: 22    XL:     12   Next: 61%
Magic:  19/19      EV: 13    Int: 14    God:    Beogh [***...]
Gold:   602        SH:  0    Dex: 13    Spells: 11/11 levels left

rFire   . . .        a - +0 war axe
rCold   + . .        d - orb {light}
rNeg    + . .        T - +1 plate armour {rC+}
rPois   .            u - +2 helmet of Ufechu {Str+3 Int+4}
rElec   .            (no cloak)
rCorr   .            (no gloves)
SInv    .            G - +2 pair of boots
Will    .....        (no amulet) Stlth
                     f - +5 ring of evasion
HPRegen 0.38/turn    q - ring of positive energy
MPRegen 0.16/turn

%: no passive effects
@: glowing
A: no striking features
a: Renounce Religion, Smiting


You were on level 3 of the Lair of Beasts.
You worshipped Beogh.
Beogh was most pleased with you.
You visited 3 branches of the dungeon, and saw 15 of its levels.
You also visited: Bailey.

You collected 602 gold pieces.

Inventory:

Hand Weapons
 a - a +0 war axe (weapon)
 I - a +3 hand axe
Missiles
 l - 106 stones
 p - a throwing net
 C - 27 boomerangs (quivered)
 F - 16 poisoned darts
Armour
 d - an orb of light (worn)
 n - the +1 ring mail of Hahyomn {rPois}
   (You found it on level 5 of the Dungeon)

   rPois:     It protects you from poison
 u - the +2 helmet of Ufechu (worn) {Str+3 Int+4}
   (You took it off Robin on level 4 of the Dungeon)

   Str+3:     It affects your strength (+3).
   Int+4:     It affects your intelligence (+4).
 G - a +2 pair of boots (worn)
 L - a +0 plate armour
 M - a +0 buckler
 T - a +1 plate armour of cold resistance (worn)
Jewellery
 f - a +5 ring of evasion (left hand)
 q - a ring of positive energy (right hand)
 O - a ring of fire
 P - a +6 ring of intelligence
Wands
 v - a wand of digging (6)
 x - a wand of flame (24)
 y - a wand of polymorph (8)
 A - a wand of iceblast (21)
 K - a wand of paralysis (7)
 S - a wand of quicksilver (13)
Scrolls
 e - 5 scrolls of blinking
 g - 5 scrolls of enchant weapon
 i - 3 scrolls of noise
 j - 2 scrolls of poison {unknown}
 k - 9 scrolls of teleportation
 m - a scroll of immolation
 o - 3 scrolls of fear
 s - a scroll of torment {unknown}
 B - 3 scrolls of identify
 E - a scroll of acquirement {unknown}
 H - a scroll of revelation {unknown}
 N - 2 scrolls of fog {unknown}
 R - a scroll of enchant armour
Potions
 b - a potion of invisibility
 c - 2 potions of resistance
 h - 4 potions of curing
 r - 4 potions of haste {unknown}
 t - 5 potions of mutation {unknown}
 w - a potion of lignification {unknown}
 z - 3 potions of ambrosia
 D - a potion of attraction {unknown}
 J - 3 potions of might {unknown}
 Q - 2 potions of enlightenment {unknown}


   Skills:
 + Level 12.4 Fighting
 - Level 14.0 Axes
 - Level 6.0 Throwing
 - Level 8.0 Armour
 + Level 4.5 Dodging
 + Level 6.4 Shields
 + Level 10.0 Invocations


You had 11 spell levels left.
You didn't know any spells.
Your spell library contained the following spells:

 Spells                   Type           Power      Damage    Failure   Level
 Sandblast                Erth           0%         2d4       99%         1
 Cigotuvi's Dreadful Rot  Necr/Alch/Air  0%         N/A       100%        2
 Ensorcelled Hibernation  Hex/Ice        0%         N/A       100%        2
 Fugue of the Fallen      Necr           0%         N/A       100%        3
 Passwall                 Erth           0%         N/A       100%        3
 Stone Arrow              Conj/Erth      0%         3d7       100%        3
 Anguish                  Hex/Necr       0%         N/A       100%        4
 Brom's Barrelling Bould  Conj/Erth      0%         2d3       100%        4
 Dispel Undead            Necr           0%         3d6       100%        4
 Ignite Poison            Fire/Alch      0%         N/A       100%        4
 Martyr's Knell           Necr/Summ      0%         N/A       100%        4
 Vhi's Electric Charge    Tloc/Air       0%         N/A       100%        4
 Arcjolt                  Conj/Air       0%         1d10      100%        5
 Freezing Cloud           Conj/Ice/Air   0%         6-21      100%        5
 Death Channel            Necr           0%         N/A       100%        6
 Plasma Beam              Fire/Air       0%         2x1d10    100%        6


Dungeon Overview and Level Annotations

Branches:
Dungeon (11/15)            Temple (1/1) D:4            Lair (3/5) D:9
  Swamp (0/4) Lair:2       Spider (0/4) Lair:2          Orc (0/2) D:9
 Bailey (visited)

Altars:
Ashenzari
Cheibriados
Dithmenos
Elyvilon
Fedhas
Gozag
Hepliaklqana
Kikubaaqudgha
Makhleb
Nemelex Xobeh
Okawaru
Qazlal
Ru
Sif Muna
Trog
Uskayaw
Vehumet
Wu Jian
Xom
Yredelemnul
Zin
The Shining One
Beogh

Shops:
D:3 *   D:5 *   D:9 =

Annotations:
D:4 3 runed translucent doors, soul19's ghost, amateur DsSh
Lair:3 Prince Ribbit


Message History

You slash the skyshark!
The skyshark is severely wounded.
You barely miss the blink frog.
The blink frog hits you but does no damage.
The skyshark bites you but does no damage.
The skyshark misses you. The skyshark barely misses you.
Your orc knight hits the cane toad with a +0 mace!
The cane toad closely misses your orc knight.
Prince Ribbit blinks!
You hit the skyshark but do no damage.
The skyshark is severely wounded.
You hit the blink frog. The blink frog misses you. The skyshark bites you!
The skyshark closely misses you. The skyshark completely misses you.
The cane toad barely misses your orc knight.
You hit the skyshark but do no damage.
The skyshark is severely wounded.
You closely miss the blink frog. The blink frog hits you!
The blink frog blinks!
Your orc knight hits the cane toad with a +0 mace!
The skyshark bites you!! The skyshark closely misses you.
The skyshark tail-slaps you but does no damage.
The cane toad barely misses your orc knight.
You slash the skyshark!
The skyshark is almost dead.
You slash Prince Ribbit! The skyshark bites you!
* * * LOW HITPOINT WARNING * * *
The skyshark tail-slaps you but does no damage. x2
Your orc knight hits the cane toad but does no damage.
Prince Ribbit hits you but does no damage.
You slice the skyshark!!
The skyshark is almost dead.
You barely miss Prince Ribbit.
Your orc knight no longer looks unusually strong.
The skyshark bites you!
* * * LOW HITPOINT WARNING * * *
The skyshark tail-slaps you but does no damage.
The skyshark closely misses you. The cane toad stings your orc knight!
Your orc knight dies!
Prince Ribbit closely misses you. The skyshark bites you!
You die...

...........#..
.............#..
................
........)......[
...........#...
........†F..#
.......FF..P#
#.....F@...#
##......<###
##......#
#.....## ###.###
##


You could see a skyshark (berserk), Prince Ribbit, a cane toad and a blink frog.

Vanquished Creatures
  Josephine (D:10)
  3 hydras (Lair:2)
  A skyshark (Lair:2)
  A goliath frog (Lair:2)
  Pikel (D:7)
  A black mamba (Lair:2)
  Maggie (D:10)
  A torpor snail (Lair:2)
  3 cane toads
  A kobold demonologist (D:9)
  A komodo dragon (D:9)
  A hornet (Lair:2)
  A queen bee (D:10)
  16 yaks
  4 wraiths
  Sigmund (D:5)
  A wyvern (D:8)
  3 basilisks
  3 steam dragons
  3 vampire mosquitoes (D:7)
  An acid dragon (D:8)
  3 water moccasins
  2 ice beasts (D:5)
  5 orc warriors
  4 sky beasts
  2 black bears
  2 wolves (Lair:2)
  4 centaurs
  A lemure (D:7)
  A phantom (D:4)
  A kobold brigand (D:9)
  6 bullfrogs
  Blork the orc (D:5)
  9 scorpions
  8 wights
  16 killer bees
  2 howler monkeys
  4 hounds
  2 jellies
  An orc priest (D:7)
  Ijyb (D:5)
  6 iguanas
  7 orc wizards
  Robin (D:4)
  7 gnolls
  5 adders
  A shadow imp (D:7)
  2 white imps
  4 ufetubi (D:7)
  2 dart slugs
  A ribbon worm (D:4)
  24 orcs
  8 endoplasms
  3 giant cockroaches
  16 goblins
  12 hobgoblins
  4 jackals (D:5)
  6 quokkas
  10 ball pythons
  4 bats
  A frilled lizard (D:1)
  19 kobolds
  6 rats
  A spectral hobgoblin (D:10)
274 creatures vanquished.

Vanquished Creatures (collateral kills)
  2 black mambas (Lair:2)
  3 cane toads (Lair:2)
  A komodo dragon (Lair:2)
  A kobold demonologist (D:9)
  A rime drake (Lair:2)
  A blink frog (Lair:3)
  2 shadows
  A wraith (D:9)
  7 yaks
  A basilisk (Lair:3)
  6 water moccasins
  A wolf (Lair:2)
  A kobold brigand (D:9)
  4 bullfrogs
  6 killer bees
  A jelly (D:8)
  An orc priest (D:9)
  2 orc wizards
  2 orcs
  3 kobolds
47 creatures vanquished.

Vanquished Creatures (others)
  2 orc knights (Lair:3)
  2 orc warriors
  An orc priest (D:9)
  A killer bee (D:9)
  6 orcs
12 creatures vanquished.

Grand Total: 333 creatures vanquished

Notes
Turn   | Place    | Note
-------+----------+-------------------------------------------
     0 | D:1      | Ceno the Hill Orc Monk began the quest for the Orb.
     0 | D:1      | Reached XP level 1. HP: 19/19 MP: 1/1
    84 | D:1      | Reached XP level 2. HP: 25/27 MP: 2/2
   487 | D:1      | Reached skill level 1 in Armour
   649 | D:1      | Reached XP level 3. HP: 29/33 MP: 3/3
   944 | D:2      | Reached skill level 5 in Axes
   949 | D:2      | Found a broken altar of Ashenzari.
  1595 | D:3      | Found a sparkling altar of Nemelex Xobeh.
  1666 | D:3      | Reached XP level 4. HP: 36/40 MP: 4/4
  2447 | D:3      | Found Wuvicvep's General Store.
  2548 | D:4      | Noticed a water moccasin
  2579 | D:4      | Killed a water moccasin
  2580 | D:4      | Reached skill level 6 in Axes
  2580 | D:4      | Reached XP level 5. HP: 30/47 MP: 5/5
  2675 | D:4      | Found a shadowy altar of Dithmenos.
  2757 | D:4      | Noticed a centaur
  2772 | D:4      | Killed a centaur
  2773 | D:4      | Reached skill level 5 in Fighting
  2773 | D:4      | Reached skill level 7 in Axes
  2773 | D:4      | Reached XP level 6. HP: 48/56 MP: 6/6
  2901 | D:4      | Found a runed translucent gate.
  2902 | D:4      | Found a runed translucent gate.
  2902 | D:4      | Found a runed translucent gate.
  2903 | D:4      | Noticed soul19's ghost (amateur DsSh)
  3176 | D:4      | Reached XP level 7. HP: 56/61 MP: 7/7
  3222 | D:4      | Identified the +2 helmet of Ufechu {Str+3 Int+4}
  3222 | D:4      | Noticed Robin
  3232 | D:4      | Killed Robin
  3264 | D:4      | Found a staircase to the Ecumenical Temple.
  3293 | D:4      | Reached skill level 8 in Axes
  3747 | D:4      | Found a roughly hewn altar of Beogh.
  3796 | Temple   | Entered the Ecumenical Temple
  3811 | D:5      | Entered Level 5 of the Dungeon
  3896 | D:5      | Noticed Sigmund
  4014 | D:5      | Killed Sigmund
  4015 | D:5      | Reached skill level 9 in Axes
  4015 | D:5      | Reached XP level 8. HP: 71/71 MP: 8/8
  4353 | D:5      | Found Aghejov's Gadget Gallery.
  4390 | D:5      | Found a glowing silver altar of Zin.
  4439 | D:5      | Reached skill level 5 in Armour
  4447 | D:5      | Reached skill level 10 in Axes
  4524 | D:5      | Identified the +1 ring mail of Hahyomn {rPois}
  4643 | D:5      | Noticed Ijyb
  4665 | D:5      | Killed Ijyb
  4687 | D:5      | Noticed Blork the orc
  4697 | D:5      | Killed Blork the orc
  5116 | D:6      | Reached skill level 11 in Axes
  5116 | D:6      | Reached XP level 9. HP: 78/79 MP: 9/9
  5421 | D:6      | Became a worshipper of Beogh the Brigand
  5421 | D:6      | Reached * piety under Beogh
  5421 | D:6      | Reached ** piety under Beogh
  5657 | D:6      | You fall into a shaft and drop 3 floors!
  5670 | D:9      | Found a hide-covered altar of Uskayaw.
  5753 | D:9      | Reached skill level 1 in Throwing
  6020 | D:8      | Reached skill level 12 in Axes
  6535 | D:7      | Reached skill level 1 in Invocations
  6558 | D:7      | Found a flagged portal.
  6596 | D:7      | Reached XP level 10. HP: 53/90 MP: 11/11
  6674 | Bailey   | Entered a bailey
  6757 | Bailey   | Reached *** piety under Beogh
  6765 | Bailey   | Noticed an orc warlord
  6925 | Bailey   | Found a runed translucent gate.
  6927 | Bailey   | Found a runed translucent gate.
  6928 | Bailey   | Found a runed translucent gate.
  7296 | D:7      | Noticed Pikel
  7313 | D:7      | Killed Pikel
  8037 | D:8      | Found an iron altar of Okawaru.
  8213 | D:9      | Noticed a kobold demonologist
  8213 | D:9      | Noticed a kobold demonologist
  8214 | D:9      | Noticed a sixfirhy
  8219 | D:9      | Killed a kobold demonologist
  8220 | D:9      | Reached skill level 13 in Axes
  8220 | D:9      | Killed a kobold demonologist
  8221 | D:9      | Reached skill level 5 in Invocations
  8459 | D:8      | Reached skill level 10 in Fighting
  8515 | D:9      | Found a staircase to the Orcish Mines.
  8636 | D:9      | Found Gah Ulien's Jewellery Shop.
  8850 | D:9      | Reached XP level 11. HP: 90/100 MP: 15/15
  8951 | D:9      | Found a staircase to the Lair.
  9213 | D:10     | Entered Level 10 of the Dungeon
  9332 | D:10     | Noticed Maggie
  9336 | D:10     | Reached skill level 1 in Shields
  9353 | D:10     | Killed Maggie
  9354 | D:10     | Reached skill level 5 in Throwing
  9794 | D:10     | Noticed Josephine
  9815 | D:10     | Killed Josephine
  9836 | D:10     | Reached **** piety under Beogh
  9852 | D:10     | Gained Syrus as an ally
  9853 | D:10     | Reached skill level 14 in Axes
  9959 | D:10     | Found an opulent altar of Gozag.
 10315 | D:10     | Found a stormy altar of Qazlal.
 10387 | D:10     | Found a hazy altar of Hepliaklqana.
 10545 | D:11     | Noticed a two-headed ogre
 10705 | Lair:1   | Entered Level 1 of the Lair of Beasts
 11379 | Lair:2   | Noticed a five-headed hydra
 11384 | Lair:2   | Killed a five-headed hydra
 11601 | Lair:2   | Reached XP level 12. HP: 90/110 MP: 18/18
 11769 | Lair:2   | Reached skill level 5 in Shields
 12206 | Lair:2   | Found a hole to the Spider Nest.
 12265 | Lair:2   | Noticed a skyshark
 12271 | Lair:2   | Killed a skyshark
 12275 | Lair:2   | Noticed a six-headed hydra
 12276 | Lair:2   | Noticed a four-headed hydra
 12279 | Lair:2   | Killed a six-headed hydra
 12282 | Lair:2   | Killed a five-headed hydra
 12495 | Lair:2   | Reached skill level 10 in Invocations
 12651 | Lair:2   | Found a staircase to the Swamp.
 12763 | Lair:3   | Noticed Prince Ribbit
 12765 | Lair:3   | Noticed a skyshark
 12776 | Lair:3   | Your ally Syrus died
 12783 | Lair:3   | Slain by a skyshark

Illustrated notes

Levels and vault maps discovered:
D:1:      mainiacjoe_arrival_oval_in_oval, layout_loops_ring, serial_glass,
          glass_columns_c, glass_columns_b, minmay_pentomino_r4
D:2:      layout_rooms, basic_altar
D:3:      layout_loops_corners, mainiacjoe_overflow_tiny_flanked, serial_bayou,
          serial_bayou_pond_d, serial_bayou_pond_c, serial_bayou_lake_a,
          serial_bayou_lagoon_a, serial_shops, nicolae_shop_trees
D:4:      layout_loops_ring, nicolae_dithmenos_shadow_blocks,
          minmay_temple_entry_glass, biasface_ghost_orc_armoury,
          nicolae_tricolors, uniq_robin
D:5:      layout_rooms, kennysheep_mini, nicolae_shop_gadgets, uniq_sigmund,
          uniq_ijyb, uniq_blork_the_orc
D:6:      layout_rooms
D:7:      layout_basic, enter_bailey_5, uniq_pikel
D:8:      layout_loops_cross, okawaru_trees_1
D:9:      layout_rooms, old_standard_altar, grunt_lair_entry_orc_guard_hut,
          serial_shops, shop, grunt_decor_one_mirror
D:10:     layout_roguey, nicolae_gozag_cash_rules_everything_around_me,
          mainiacjoe_overflow_six_doors_small,
          nicolae_hepliaklqana_monster_ancestors, special_room
          [special_room_bee], item_on_display_a, uniq_maggie, uniq_josephine
D:11:     layout_gridville
Temple:   eino_narrow_crystal_temple
Lair:1:   layout_big_grid, minmay_stone_trees_small
Lair:2:   layout_misc_corridors, mainiacjoe_swamp_entry_lozenge_pond,
          spider_nest_entry_web_field, hangedman_lair_generics_rect
Lair:3:   layout_cave_pods, uniq_prince_ribbit2

Skill      XL: |  1  2  3  4  5  6  7  8  9 10 11 12 |
---------------+-------------------------------------+-----
Armour         | 1 2 3 4 5 7 8 |  8.0
Fighting       | 4 5 6 7 8 10 11 12 | 12.4
Axes           | 5 6 7 9 11 12 13 14 | 14.0
Throwing       | 2 4 6 |  6.0
Invocations    | 2 5 8 10 | 10.0
Shields        | 4 6 |  6.4
Dodging        | 3 4 |  4.5

Action                     |  1- 3 |  4- 6 |  7- 9 | 10-12 || total
---------------------------+-------+-------+-------+-------++-------
  Melee: Hand axe          |   124 |   126 |   463 |    54 ||   767
         War axe           |       |       |       |   412 ||   412
  Throw: Stone             |     1 |       |     2 |       ||     3
         Boomerang         |       |       |     2 |    12 ||    14
         Dart              |       |       |     1 |    11 ||    12
 Invoke: Smiting           |       |       |     1 |    13 ||    14
         Convert to Beogh  |       |       |     1 |       ||     1
         Recall Orcish Fol |       |       |       |     2 ||     2
    Use: Scroll            |     3 |     1 |     4 |     4 ||    12
         Potion            |       |     1 |       |     4 ||     5
   Stab: Distracted        |       |       |       |     4 ||     4
 Armour: Robe              |    32 |       |       |       ||    32
         Ring mail         |    18 |    61 |   169 |    51 ||   299
         Scale mail        |       |       |    23 |       ||    23
         Plate armour      |       |       |       |   347 ||   347
  Dodge: Dodged            |    53 |    83 |   292 |   317 ||   745

Table legend: (Time is in decaauts)
 A = Elapsed time spent in this place.
 B = Non-inter-level travel time spent in this place.
 C = Inter-level travel time spent in this place.
 D = Time resting spent in this place.
 E = Time spent auto-exploring this place.
 F = Levels seen in this place.
 G = Mean time per level.
                   A        B        C        D        E       F      G
               +--------+--------+--------+--------+--------+-----+--------+
         Total |  12673 |  12180 |    493 |   1918 |   6693 |  16 |  792.1 |
       Dungeon |  10289 |   9872 |    417 |   1256 |   5744 |  11 |  935.4 |
        Temple |      1 |      1 |      0 |      0 |      0 |   1 |    1.0 |
          Lair |   2069 |   1993 |     76 |    565 |    948 |   3 |  689.7 |
        Bailey |    313 |    313 |      0 |     97 |      0 |   1 |  313.0 |
               +--------+--------+--------+--------+--------+-----+--------+

Top non-repeatable levels by time:
  Lair:2: 1427 daAuts
     D:4: 1399 daAuts
     D:3: 1308 daAuts
    D:10: 1299 daAuts
     D:7: 1110 daAuts
     D:8: 1021 daAuts
     D:9: 1001 daAuts
     D:5: 854 daAuts
     D:1: 796 daAuts
     D:6: 779 daAuts
     D:2: 650 daAuts
  Lair:1: 623 daAuts
  Bailey: 313 daAuts
    D:11: 67 daAuts
  Lair:3: 18 daAuts
